 Dungeon Crawl Stone Soup version 0.31-a0-626-g8143ab4f1d (webtiles) character file.

Game seed: 4938474452699318929

693 Newt the Cutter (level 7, -3/44 HPs)
             Began as a Gargoyle Fighter on Aug 24, 2023.
             Slain by a wight
             ... wielding a +4 dire flail
              (10 damage)
             ... on level 5 of the Dungeon.
             The game lasted 00:04:24 (3712 turns).

Newt the Cutter (Gargoyle Fighter)                  Turns: 3712, Time: 00:04:25

Health: -3/44      AC: 13    Str: 21    XL:     7   Next: 64%
Magic:  7/7        EV:  9    Int:  9    God:
Gold:   186        SH:  5    Dex:  9    Spells: 6/6 levels left

rFire   + . .        i - +8 rapier "Killer Klown's Bane" {heavy, Fragile +Blink rC++ Stlth+}
rCold   + + .        c - +1 buckler
rNeg    + . .        b - +0 scale mail
rPois   ∞            (no helmet)
rElec   +            q - +0 cloak
rCorr   .            (no gloves)
SInv    .            (no boots)
Will    .....        t - amulet of regeneration
Stlth   +            p - ring of protection from fire
HPRegen 1.07/turn    (no ring)
MPRegen 0.10/turn

%: no passive effects
@: no status effects
A: sickness immunity, AC +4, negative energy resistance 1, electricity
resistance, torment resistance 1, petrification resistance
a: Evoke Blink


You were on level 5 of the Dungeon.
You visited 1 branch of the dungeon, and saw 5 of its levels.

You collected 242 gold pieces.
You spent 56 gold pieces at shops.

Inventory:

Hand Weapons
 a - a +0 flail
 e - a +3 short sword of venom
 i - the +8 rapier "Killer Klown's Bane" (weapon) {heavy, Fragile +Blink rC++ Stlth+}
   (You found it on level 4 of the Dungeon)

   rC++:      It greatly protects you from cold.
   +Blink:    It lets you blink.
   Fragile:   It will be destroyed if unequipped.
   Stlth+:    It makes you more stealthy.
 v - a +5 flail
Missiles
 j - 8 poisoned darts
 n - 2 throwing nets
Armour
 b - a +0 scale mail (worn)
 c - a +1 buckler (worn)
 q - a +0 cloak (worn)
Jewellery
 l - a ring of fire
 p - a ring of protection from fire (left hand)
 t - an amulet of regeneration (around neck)
Scrolls
 m - a scroll of teleportation
 u - a scroll of silence {unknown}
Potions
 d - 2 potions of might
 f - a potion of mutation
 g - 4 potions of haste {unknown}
 h - 5 potions of curing
 k - 2 potions of brilliance
 o - a potion of enlightenment
 r - a potion of resistance
 s - a potion of degeneration


   Skills:
 - Level 5.0 Fighting
 + Level 5.8 Short Blades
 - Level 2.0 Maces & Flails
 - Level 5.0 Armour
 - Level 3.2 Shields


You had 6 spell levels left.
You didn't know any spells.
Your spell library contained the following spells:

 Spells                   Type           Power      Damage    Failure   Level
 Necrotise                Necr           0%         1d4       78%         1
 Sting                    Tmut/Pois      0%         1d3       78%         1
 Poisonous Vapours        Pois/Air       0%         N/A       89%         2
 Vampiric Draining        Necr           0%         2d6       98%         3
 Olgreb's Toxic Radiance  Pois           0%         N/A       100%        4
 Agony                    Necr           0%         N/A       100%        5


Dungeon Overview and Level Annotations

Branches:
Dungeon (5/15)
 Temple: D:4-7

Altars:
Ashenzari
Fedhas

Shops:
D:2 =   D:3 ?   D:4 :


Innate Abilities, Weirdness & Mutations

You are immune to sickness and miasma.
Your stone body is resilient. (AC +4)
You are immune to poison.
You resist negative energy. (rN+)
You are resistant to electric shocks. (rElec)
You are resistant to unholy torment.
You are immune to petrification.


Message History

a +5 flail; a +0 robe
Things that are here:
a +3 halberd; a +0 robe
Things that are here:
a +5 flail; a +0 robe
v - a +5 flail The wight hits you with a +4 dire flail!
You closely miss the wight. You block the wight's attack.
You puncture the wight!
The wight is severely damaged.
The wight hits you but does no damage. x2
The wight hits you with a +4 dire flail.
The wight hits you with a +5 mace.
You closely miss the wight.
The wight is severely damaged.
The wight completely misses you. The wight hits you but does no damage.
You hit the wight.
The wight is severely damaged.
The wight misses you. The wight hits you with a +5 mace.
The wight hits you with a +4 dire flail!
The wight hits you but does no damage.
You puncture the wight!
You destroy the wight!
You block the wight's attack.
You puncture the wight!
The wight is heavily damaged.
The wight hits you with a +4 battleaxe. The wight barely misses you.
You closely miss the wight. The wight hits you with a +4 battleaxe.
The wight barely misses you. The wight hits you with a +4 battleaxe.
The wight misses you.
Unknown command.
You puncture the wight!
The wight is severely damaged.
You block the wight's attack.
The wight hits you with a +4 dire flail!
* * * LOW HITPOINT WARNING * * *
Unknown command.
The wight attacks as it pursues you!
The wight hits you with a +4 dire flail!
You die...

## .# .. .# #. .# #.
.# #. .# #.#.# #z..#
##z## ##..@##
##..~..###
###########
.....~~~...#
#.........#
####.[~..#.#
#.........#
##...##.###..........
##.##............###
..................#
.##############.[.# .
#...#


You could see 2 wights.

Vanquished Creatures
  A centaur (D:5)
  2 scorpions
  3 wights (D:5)
  A hound (D:4)
  A gnoll bouda (D:4)
  A sleepcap (D:5)
  2 iguanas
  Robin (D:3)
  4 gnolls
  4 adders
  A white imp (D:5)
  An ufetubus (D:5)
  2 worms
  2 dart slugs
  2 orcs (D:5)
  9 endoplasms
  3 giant cockroaches
  15 goblins
  8 hobgoblins
  2 jackals (D:1)
  10 kobolds
  4 quokkas
  6 ball pythons
  5 bats
  3 frilled lizards
  5 rats
98 creatures vanquished.

Notes
Turn   | Place    | Note
-------+----------+-------------------------------------------
     0 | D:1      | Newt the Gargoyle Fighter began the quest for the Orb.
     0 | D:1      | Reached XP level 1. HP: 14/14 MP: 1/1
    46 | D:1      | Reached XP level 2. HP: 8/20 MP: 2/2
   445 | D:1      | Reached XP level 3. HP: 24/24 MP: 3/3
   963 | D:2      | Found a faded altar of an unknown god.
  1121 | D:2      | Reached skill level 5 in Fighting
  1393 | D:2      | Found Udghun's Jewellery Shop.
  1563 | D:3      | Reached skill level 1 in Short Blades
  1566 | D:3      | Reached XP level 4. HP: 31/31 MP: 4/4
  1626 | D:3      | Noticed Robin
  1666 | D:3      | Killed Robin
  1829 | D:3      | Reached XP level 5. HP: 17/35 MP: 5/5
  2131 | D:3      | Found a broken altar of Ashenzari.
  2175 | D:3      | Found Picw's Magic Scroll Shop.
  2183 | D:3      | Bought a scroll of identify for 28 gold pieces
  2183 | D:3      | Bought a scroll of identify for 28 gold pieces
  2436 | D:4      | Identified the +8 rapier "Killer Klown's Bane" {heavy,
                  | Fragile +Blink rC++ Stlth+}
  2781 | D:4      | Found a blossoming altar of Fedhas.
  2805 | D:4      | Found Ataucixa's Book Shop.
  2996 | D:4      | Reached XP level 6. HP: 40/40 MP: 6/6
  3296 | D:5      | Entered Level 5 of the Dungeon
  3306 | D:5      | Reached skill level 5 in Armour
  3438 | D:5      | Reached XP level 7. HP: 40/44 MP: 7/7
  3599 | D:5      | Reached skill level 5 in Short Blades
  3712 | D:5      | Slain by a wight

Illustrated notes

Levels and vault maps discovered:
D:1:      lightli_arrival_windingriver, layout_basic, grunt_decor_junction,
          grunt_decor_resistance
D:2:      layout_loops_ring, shapermc_ecumenical_altar_hornbeckon, serial_shops,
          shop
D:3:      layout_loops_ring, mainiacjoe_overflow_boulevard, serial_shops, shop,
          uniq_robin
D:4:      layout_basic, lemuel_tele_altar, serial_shops, shop,
          chequers_decorated_corner
D:5:      layout_basic, amcnicky_mini_pool_small, st_stairs_11

Skill      XL: |  1  2  3  4  5  6  7 |
---------------+----------------------+-----
Fighting       | 4 5 |  5.0
Short Blades   | 1 2 3 4 5 |  5.8
Armour         | 4 5 |  5.0
Maces & Flails | |  2.0
Shields        | |  3.2

Action                     |  1- 3 |  4- 6 |  7- 9 || total
---------------------------+-------+-------+-------++-------
  Melee: Flail             |    19 |       |       ||    19
         Short sword       |   113 |    70 |       ||   183
         Rapier            |       |    46 |    38 ||    84
    Use: Scroll            |     2 |     8 |       ||    10
         Potion            |     1 |       |       ||     1
 Armour: Scale mail        |    57 |    76 |    31 ||   164
  Dodge: Dodged            |    55 |    58 |    36 ||   149
  Block: Buckler           |    31 |    43 |    14 ||    88

Table legend: (Time is in decaauts)
 A = Elapsed time spent in this place.
 B = Non-inter-level travel time spent in this place.
 C = Inter-level travel time spent in this place.
 D = Time resting spent in this place.
 E = Time spent auto-exploring this place.
 F = Levels seen in this place.
 G = Mean time per level.
                   A        B        C        D        E       F      G
               +--------+--------+--------+--------+--------+-----+--------+
         Total |   3773 |   3626 |    147 |    367 |   2618 |   5 |  754.6 |
       Dungeon |   3773 |   3626 |    147 |    367 |   2618 |   5 |  754.6 |
               +--------+--------+--------+--------+--------+-----+--------+

Top non-repeatable levels by time:
     D:4: 1034 daAuts
     D:1: 868 daAuts
     D:3: 843 daAuts
     D:2: 715 daAuts
     D:5: 311 daAuts
